 Dungeon Crawl Stone Soup version 0.29-a0-1023-g6ae1a4a2c7 (webtiles) character file.

Game seed: 9518833422141769574

1750 Newt the Cudgeller (level 8, -2/64 (68) HPs)
             Began as a Purple Draconian Artificer on Aug 11, 2022.
             Was a Follower of Qazlal.
             Slain by a wight
             ... wielding a +4 halberd
              (8 damage)
             ... on level 6 of the Dungeon.
             The game lasted 00:13:38 (5902 turns).

Newt the Cudgeller (Purple Draconian Artificer)     Turns: 5902, Time: 00:13:39

HP:   -2/64 (68)    AC:  7    Str: 16    XL:     8   Next: 78%
MP:   8/8           EV: 13    Int: 11    God:    Qazlal [*.....]
Gold: 268           SH:  5    Dex: 13    Spells: 7/7 levels left

rFire   . . .      SeeInvis +   v - +0 flail
rCold   + . .      Faith    .   e - +0 buckler
rNeg    . . .      Spirit   .   (body armour unavailable)
rPois   .          Reflect  .   (helmet restricted)
rElec   .          Harm     .   (no cloak)
rCorr   .          Rampage  .   (no gloves)
Will    +....                   n - +0 pair of boots
Stlth   +.........              (no amulet)
HPRegen 0.20/turn               r - ring of protection from cold
MPRegen 0.11/turn               y - ring of see invisible

@: drained
A: breathe power, AC +6, unfitting armour, cold-blooded
a: Breathe Dispelling Energy, Renounce Religion


You were on level 6 of the Dungeon.
You worshipped Qazlal.
Qazlal was aware of your devotion.
You visited 1 branch of the dungeon, and saw 6 of its levels.

You collected 268 gold pieces.

Inventory:

Hand Weapons
 a - a +0 club
 g - a +0 whip
 v - a +0 flail (weapon)
Missiles
 w - 2 throwing nets
Armour
 e - a +0 buckler (worn)
 n - a +0 pair of boots (worn)
Jewellery
 r - a ring of protection from cold (left hand)
 y - a ring of see invisible (right hand)
Wands
 c - a wand of charming (11)
 d - a wand of iceblast (1)
Scrolls
 j - 3 scrolls of teleportation
 p - 2 scrolls of magic mapping
 q - a scroll of amnesia
Potions
 b - a potion of might
 f - 2 potions of curing
 h - 2 potions of degeneration
 i - a potion of lignification {unknown}
 k - 2 potions of mutation {unknown}
 l - a potion of haste {unknown}
 m - a potion of attraction {unknown}
 o - 2 potions of brilliance {unknown}
 s - a potion of heal wounds {unknown}
 t - 2 potions of ambrosia {unknown}
 u - a potion of invisibility {unknown}
 x - a potion of resistance {unknown}


   Skills:
 - Level 5.0 Fighting
 + Level 7.4 Maces & Flails
 - Level 5.0 Dodging
 - Level 0.8 Stealth
 - Level 6.4 Evocations


You had 7 spell levels left.
You didn't know any spells.
Your spell library contained the following spells:

 Spells                   Type           Power      Damage    Failure   Level
 Blink                    Tloc           0%         N/A       58%         2
 Dazzling Flash           Conj/Hex       0%         N/A       82%         3
 Lesser Beckoning         Tloc           0%         N/A       82%         3
 Portal Projectile        Hex/Tloc       0%         N/A       82%         3
 Tukima's Dance           Hex            0%         N/A       82%         3
 Iskenderun's Mystic Bla  Conj/Tloc      0%         2d3       99%         4
 Blade Hands              Tmut           0%         N/A       100%        5
 Manifold Assault         Tloc           0%         N/A       100%        5
 Starburst                Conj/Fire      0%         6d3       100%        6


Dungeon Overview and Level Annotations

Branches:
Dungeon (6/15)             Temple (0/1) D:4

Altars:
Hepliaklqana
Qazlal
Vehumet

Shops:
D:4 (

Annotations:
D:6 Blork the orc


Innate Abilities, Weirdness & Mutations

You can breathe bolts of dispelling energy.
Your rich purple scales are hard. (AC +6)
You cannot fit into any form of body armour.
You are cold-blooded and may be slowed by cold attacks.


Message History

The wight barely misses you.
You hit the wight but do no damage. You block the wight's attack.
The wight barely misses you.
The wight hits you from afar with a +4 halberd!
Unknown command.
You sock the wight!
The wight is severely damaged.
The wight hits you with a +3 hand axe!
You feel drained. You block the wight's attack. x2
Unknown command.
You hit the wight but do no damage.
Your tail-slap misses the wight.
The wight is severely damaged.
The wight hits you with a +3 hand axe!
The wight hits you with a +2 vorpal battleaxe.
You feel drained. The wight barely misses you. x2
You block the wight's attack.
Unknown command.
You hit the wight.
The wight is severely damaged.
The wight hits you with a +3 hand axe.
You feel drained.
The wight hits you from afar with a +4 halberd!
* * * LOW HITPOINT WARNING * * *
You block the wight's attack.
Unknown command.
Aiming: Iceblast
Press: ? - help, Q - select action, (/) - cycle Shift-Dir - straight line The mass of ice explodes!
The iceblast engulfs the wight!
The wight partially resists.
You destroy the wight!
Qazlal accepts your kill.
The iceblast engulfs the plant!!
The plant begins to die.
The plant is lightly damaged.
The iceblast engulfs the plant!!
The plant begins to die.
The plant is lightly damaged.
The iceblast engulfs the wight!
The wight partially resists.
The wight is severely damaged.
The iceblast engulfs the wight!
The wight partially resists.
The wight is severely damaged.
The wight hits you from afar with a +4 halberd!
You die...

#.............#............
#.......##....#............
#..........................
#....................[.....
#..........................
...........................
.........P...P...........##
..............P............
...##.>...@PP.......#......
...>.P..§)_z..........##...
........PPzPzP.............
...).......'...............
..........P.§......#......(
.....##..P.#.......#.....†.
..... #....$.......# ......
..... #....#.......# ..†..z
#.......# .....z


You could see 3 wights.

Vanquished Creatures
  Prince Ribbit (D:5)
  Menkaure (D:5)
  A sky beast (D:4)
  A black bear (D:5)
  An ice beast (D:3)
  3 ogres
  A necrophage (D:5)
  3 scorpions
  2 wights (D:6)
  A howler monkey (D:6)
  4 hounds
  2 orc priests (D:5)
  2 orc wizards
  3 iguanas
  6 gnolls
  7 adders
  An ufetubus (D:6)
  2 worms (D:3)
  3 dart slugs
  9 orcs
  11 endoplasms
  3 giant cockroaches
  6 goblins
  6 hobgoblins
  5 jackals
  2 quokkas
  5 ball pythons
  8 bats
  3 frilled lizards (D:3)
  7 kobolds
  2 rats
112 creatures vanquished.

Vanquished Creatures (collateral kills)
  An iguana (D:4)
1 creature vanquished.

Vanquished Creatures (others)
  A howler monkey (D:4)
1 creature vanquished.

Grand Total: 114 creatures vanquished

Notes
Turn   | Place    | Note
-------+----------+-------------------------------------------
     0 | D:1      | Newt the Draconian Artificer began the quest for the Orb.
     0 | D:1      | Reached XP level 1. HP: 16/16 MP: 1/1
    40 | D:1      | Reached skill level 1 in Maces & Flails
   346 | D:1      | Reached XP level 2. HP: 22/23 MP: 2/2
   437 | D:1      | Reached skill level 2 in Maces & Flails
  1263 | D:1      | Found a faded altar of an unknown god.
  1565 | D:1      | Reached XP level 3. HP: 26/28 MP: 3/3
  1803 | D:2      | Reached skill level 3 in Maces & Flails
  2370 | D:2      | Reached XP level 4. HP: 35/35 MP: 4/4
  2563 | D:3      | Noticed an ice beast
  2573 | D:3      | Killed an ice beast
  2574 | D:3      | Reached skill level 5 in Maces & Flails
  2574 | D:3      | Reached XP level 5. HP: 26/40 MP: 5/5
  3319 | D:4      | Found a stormy altar of Qazlal.
  3333 | D:4      | Became a worshipper of Qazlal Stormbringer
  3351 | D:4      | Found Cuqol's Antique Weapon Emporium.
  3390 | D:4      | Noticed a sky beast
  3395 | D:4      | Killed a sky beast
  3396 | D:4      | Reached skill level 6 in Maces & Flails
  3396 | D:4      | Reached XP level 6. HP: 47/47 MP: 6/6
  3928 | D:5      | Entered Level 5 of the Dungeon
  4274 | D:4      | Your scales start taking on a rich purple colour.
  4274 | D:4      | Reached XP level 7. HP: 24/60 MP: 7/7
  4444 | D:4      | Reached skill level 5 in Fighting
  4700 | D:4      | Found a staircase to the Ecumenical Temple.
  5228 | D:5      | Reached * piety under Qazlal
  5239 | D:5      | Noticed Prince Ribbit
  5250 | D:5      | Killed Prince Ribbit
  5251 | D:5      | Reached skill level 5 in Evocations
  5251 | D:5      | Reached XP level 8. HP: 66/68 MP: 8/8
  5315 | D:5      | Noticed Menkaure
  5320 | D:5      | Killed Menkaure
  5625 | D:5      | Found a radiant altar of Vehumet.
  5803 | D:6      | Reached skill level 5 in Dodging
  5863 | D:6      | Reached skill level 7 in Maces & Flails
  5866 | D:6      | Noticed Blork the orc
  5874 | D:6      | Found a hazy altar of Hepliaklqana.
  5902 | D:6      | Slain by a wight

Illustrated notes

Levels and vault maps discovered:
D:1:      lordsloth_arrival_two_stooges, layout_basic,
          shapermc_ecumenical_altar_petra
D:2:      layout_basic
D:3:      layout_basic
D:4:      layout_rooms, kennysheep_little_box, minmay_temple_entry_nine_rooms,
          serial_shops, nicolae_shop_crystal
D:5:      layout_rooms, lemuel_round_altar, minmay_misc_feat_cross,
          uniq_menkaure, uniq_prince_ribbit1
D:6:      layout_basic, nicolae_hepliaklqana_hazy_memory,
          nemelex_spade_bored_becter, uniq_blork_the_orc

Skill      XL: |  1  2  3  4  5  6  7  8 |
---------------+-------------------------+-----
Maces & Flails | 1 2 3 5 6 7 |  7.4
Fighting       | 4 5 |  5.0
Dodging        | 4 5 |  5.0
Evocations     | 5 6 |  6.4
Stealth        | |  0.8

Action                   |  1- 3 |  4- 6 |  7- 9 || total
-------------------------+-------+-------+-------++-------
Melee: Club              |    78 |       |       ||    78
       Tailslap          |    23 |    29 |    15 ||    67
       Punch             |     2 |       |       ||     2
       Whip              |    83 |   213 |    11 ||   307
       Flail             |       |       |   104 ||   104
 Abil: Breathe Dispellin |       |       |     1 ||     1
Evoke: Wand              |     1 |    21 |    16 ||    38
  Use: Scroll            |     7 |     2 |     4 ||    13
       Potion            |       |     1 |       ||     1
 Stab: Sleeping          |     4 |     3 |       ||     7
       Betrayed ally     |     1 |       |       ||     1
       Distracted        |       |       |     1 ||     1
Armor: Skin              |    48 |    46 |    34 ||   128
Dodge: Dodged            |   106 |    92 |    67 ||   265
Block: Buckler           |     9 |    26 |    25 ||    60

Table legend: (Time is in decaauts)
 A = Elapsed time spent in this place.
 B = Non-inter-level travel time spent in this place.
 C = Inter-level travel time spent in this place.
 D = Time resting spent in this place.
 E = Time spent auto-exploring this place.
 F = Levels seen in this place.
 G = Mean time per level.
                   A        B        C        D        E       F      G
               +--------+--------+--------+--------+--------+-----+--------+
         Total |   5910 |   5723 |    187 |    925 |   3762 |   6 |  985.0 |
       Dungeon |   5910 |   5723 |    187 |    925 |   3762 |   6 |  985.0 |
               +--------+--------+--------+--------+--------+-----+--------+

Top non-repeatable levels by time:
     D:1: 1718 daAuts
     D:4: 1445 daAuts
     D:5: 1033 daAuts
     D:2: 838 daAuts
     D:3: 763 daAuts
     D:6: 111 daAuts
